 Dungeon Sprint DCSS version 0.30.0-29-ga12c61a403 (webtiles) character file.

Game seed: 8271567939968307623

1439 Groucho the Protected (level 8, -3/77 HPs)
             Began as a Minotaur Fighter on June 17, 2023.
             Was a Believer of Uskayaw.
             Slain by a skeletal warrior
             ... wielding a +0 long sword
              (23 damage)
             ... in the Dungeon (Sprint IX: "|||||||||||||||||||||||||||||").
             The game lasted 00:03:20 (908 turns).

Groucho the Protected (Minotaur Fighter)             Turns: 908, Time: 00:03:21

Health: -3/77      AC: 12    Str: 21    XL:     8   Next: 45%
Magic:  5/11       EV: 16    Int:  5    God:    Uskayaw [**....]
Gold:   0          SH:  6    Dex: 15    Spells: 7/7 levels left

rFire   . . .        a - +0 rapier
rCold   . . .        c - +0 buckler
rNeg    . . .        q - +2 ring mail
rPois   .            (helmet restricted)
rElec   .            p - +0 cloak
rCorr   .            o - +0 pair of gloves
SInv    .            (no boots)
Will    .....        (no amulet)
Stlth   +            b - +2 ring of evasion
HPRegen 0.32/turn    r - +3 ring of dexterity
MPRegen 0.12/turn

%: no teleportation
@: no status effects
A: horns 2, retaliatory headbutt
a: Renounce Religion, Stomp, Line Pass


You were in the Dungeon.
You worshipped Uskayaw.
Uskayaw was noncommittal.
You visited 1 branch

Inventory:

Hand Weapons
 a - a +0 rapier (weapon)
 f - a +0 shortbow
Armour
 c - a +0 buckler (worn)
 o - a +0 pair of gloves (worn)
 p - a +0 cloak (worn)
 q - a +2 ring mail (worn)
Jewellery
 b - a +2 ring of evasion (left hand)
 r - a +3 ring of dexterity (right hand)
Wands
 n - a wand of iceblast (10)
Scrolls
 j - 2 scrolls of blinking
 m - 2 scrolls of amnesia
Potions
 d - a potion of might
 e - 3 potions of curing
 g - a potion of haste
 h - 4 potions of magic
 i - a potion of berserk rage
 k - a potion of invisibility


   Skills:
 + Level 8.9 Fighting
 * Level 9.3 Short Blades
 * Level 10.7 Armour
 + Level 7.2 Dodging
 + Level 8.9 Shields
 + Level 7.1 Unarmed Combat
 * Level 6.5 Invocations


You had 7 spell levels left.
You didn't know any spells.
Your spell library was empty.

Dungeon Overview and Level Annotations

Branches:
Dungeon (1/1)

Altars:
Cheibriados
Dithmenos
Elyvilon
Fedhas
Gozag
Hepliaklqana
Kikubaaqudgha
Makhleb
Nemelex Xobeh
Okawaru
Qazlal
Ru
Sif Muna
Trog
Uskayaw
Vehumet
Wu Jian
Xom
Yredelemnul
Zin
The Shining One
Jiyva
Lugonu


Innate Abilities, Weirdness & Mutations

You have a pair of horns on your head.
You reflexively headbutt those who attack you in melee.


Message History

The centaur warrior misses you. The centaur warrior closely misses you.
The centaur warrior completely misses you.
Uskayaw will force your foes to helplessly watch your dance.
Uskayaw prepares the audience for your solo!
The helpless centaur warrior fails to defend itself.
You impale the centaur warrior!!
You kill the centaur warrior!
Your Short Blades skill increases to level 9!
Your Armour skill increases to level 10!
Your Dodging skill increases to level 7!
Your Unarmed Combat skill increases to level 7!
Your Invocations skill increases to level 6!
You have reached level 8!
You feel stronger.
The skeletal warrior is no longer paralysed.
The centaur warrior is no longer paralysed.
The boulder beetle is no longer paralysed.
The skeletal warrior hits you with a +0 long sword!
Things that are here:
a +0 longbow; a centaur corpse You hit the skeletal warrior but do no damage.
You headbutt the skeletal warrior, but do no damage.
The tengu conjurer is no longer paralysed.
You hit the skeletal warrior but do no damage.
You block the skeletal warrior's attack.
Unknown command.
You completely miss the skeletal warrior.
You headbutt the skeletal warrior, but do no damage.
You block the skeletal warrior's attack.
The boulder beetle leaps!
You closely miss the skeletal warrior. The skeletal warrior misses you.
You closely miss the skeletal warrior.
The skeletal warrior hits you with a +0 long sword!
* * * LOW HITPOINT WARNING * * *
You hit the skeletal warrior but do no damage.
Aiming: Line Pass
Press: ? - help, Dir - move target Something unexpectedly blocked you, preventing you from passing!
The skeletal warrior hits you with a +0 long sword!!
You die... ▓▓▓▓▓▓▓▓▓▓▓▓▓▓▓▓▓▓▓▓▓▓▓ .)...[..)......B@zc.Q.+ ▓▓▓▓▓▓▓▓▓▓▓▓▓▓▓▓▓▓▓▓▓▓▓

You could see a boulder beetle, a skeletal warrior, a centaur warrior and a tengu conjurer.

Vanquished Creatures
  A centaur warrior (D)
  A hornet (D)
  A yak (D)
  A wraith (D)
  A black bear (D)
  An orc warrior (D)
  A centaur (D)
  A killer bee (D)
  2 iguanas (D)
  An orc wizard (D)
  An adder (D)
  An endoplasm (D)
  A giant cockroach (D)
  A hobgoblin (D)
  A kobold (D)
  A frilled lizard (D)
17 creatures vanquished.

Notes
Turn   | Place    | Note
-------+----------+-------------------------------------------
     0 | D        | Groucho the Minotaur Fighter began the quest for the Orb.
     0 | D        | Reached XP level 1. HP: 19/19 MP: 0/0
     8 | D        | Reached skill level 1 in Dodging
    10 | D        | Reached skill level 4 in Armour
    26 | D        | Noticed a centaur
    26 | D        | Noticed a black bear
    26 | D        | Noticed an iguana
    26 | D        | Noticed an iguana
    35 | D        | Reached skill level 1 in Unarmed Combat
    35 | D        | Reached XP level 2. HP: 13/28 MP: 1/1
    37 | D        | Killed a centaur
    38 | D        | Reached skill level 5 in Fighting
    38 | D        | Reached skill level 5 in Armour
    38 | D        | Reached skill level 5 in Shields
    38 | D        | Reached XP level 3. HP: 18/36 MP: 2/2
    38 | D        | Reached XP level 4. HP: 21/42 MP: 3/3
    46 | D        | Killed a black bear
    47 | D        | Reached skill level 5 in Short Blades
    47 | D        | Reached skill level 6 in Armour
    47 | D        | Reached XP level 5. HP: 26/51 MP: 4/4
    52 | D        | Reached skill level 7 in Armour
    60 | D        | Reached skill level 5 in Dodging
   379 | D        | Found a snail-covered altar of Cheibriados.
   379 | D        | Found a shadowy altar of Dithmenos.
   379 | D        | Found a white marble altar of Elyvilon.
   379 | D        | Found a blossoming altar of Fedhas.
   379 | D        | Found an opulent altar of Gozag.
   380 | D        | Found a hazy altar of Hepliaklqana.
   381 | D        | Found a viscous altar of Jiyva.
   382 | D        | Found an ancient bone altar of Kikubaaqudgha.
   383 | D        | Found a corrupted altar of Lugonu.
   384 | D        | Found a burning altar of Makhleb.
   385 | D        | Found a sparkling altar of Nemelex Xobeh.
   386 | D        | Found an iron altar of Okawaru.
   387 | D        | Found a stormy altar of Qazlal.
   388 | D        | Found a sacrificial altar of Ru.
   389 | D        | Found a shimmering blue altar of Sif Muna.
   390 | D        | Found a bloodstained altar of Trog.
   391 | D        | Found a hide-covered altar of Uskayaw.
   392 | D        | Found a radiant altar of Vehumet.
   393 | D        | Found an ornate altar of the Wu Jian Council.
   394 | D        | Found a shimmering altar of Xom.
   395 | D        | Found a basalt altar of Yredelemnul.
   396 | D        | Found a glowing silver altar of Zin.
   397 | D        | Found a glowing golden altar of the Shining One.
   415 | D        | Became a worshipper of Uskayaw the Reveller
   466 | D        | Noticed an orc warrior
   466 | D        | Noticed a yak
   466 | D        | Noticed a wraith
   466 | D        | Noticed a hornet
   472 | D        | Reached * piety under Uskayaw
   476 | D        | Reached ** piety under Uskayaw
   477 | D        | Killed an orc warrior
   478 | D        | Reached skill level 5 in Unarmed Combat
   478 | D        | Reached XP level 6. HP: 35/60 MP: 4/6
   478 | D        | Reached *** piety under Uskayaw
   484 | D        | Reached **** piety under Uskayaw
   495 | D        | Reached ***** piety under Uskayaw
   513 | D        | Paralysed by a hornet for 3 turns
   517 | D        | Killed a hornet
   518 | D        | Reached skill level 8 in Armour
   518 | D        | Reached XP level 7. HP: 22/67 MP: 0/8
   526 | D        | Killed a wraith
   527 | D        | Reached skill level 9 in Armour
   530 | D        | Killed a yak
   530 | D        | Reached ****** piety under Uskayaw
   531 | D        | Reached skill level 5 in Invocations
   892 | D        | Noticed a centaur warrior
   892 | D        | Noticed a skeletal warrior
   892 | D        | Noticed a centaur warrior
   892 | D        | Noticed a vampire
   892 | D        | Noticed a boulder beetle
   892 | D        | Noticed a tengu conjurer
   900 | D        | Killed a centaur warrior
   901 | D        | Reached skill level 10 in Armour
   901 | D        | Reached XP level 8. HP: 52/77 MP: 9/11
   908 | D        | Slain by a skeletal warrior

Illustrated notes

Levels and vault maps discovered:
D:        linesprint [early_d, line_temple, items_1, d_10, items_2, lair_1,
          lair_end, items_3, orc_1, orc_end, items_4, d_15, swamp_1, shoals_1,
          snake_1, spider_1, d_20, vaults_1, items_5, swamp_end, shoals_end,
          snake_end, spider_end, vaults_end, d_27, items_6, zot_1, zot_end,
          crypt_end, forest_end, elf_end, slime_end, tomb_end, abyss_end,
          pan_hell_end]

Skill      XL: |  1  2  3  4  5  6  7 |
---------------+----------------------+-----
Dodging        | 1 3 4 5 6 7 |  7.2
Fighting       | 4 5 6 7 8 |  8.9
Armour         | 4 5 6 7 8 10 | 10.7
Shields        | 4 5 6 7 8 |  8.9
Short Blades   | 3 4 5 6 7 9 |  9.3
Unarmed Combat | 1 3 4 5 7 |  7.1
Invocations    | 2 3 6 |  6.5

Action                     |  1- 3 |  4- 6 |  7- 9 || total
---------------------------+-------+-------+-------++-------
  Melee: Rapier            |    26 |    66 |    23 ||   115
         Headbutt          |     2 |    13 |     7 ||    22
 Invoke: Line Pass         |       |     1 |     1 ||     2
         Stomp             |       |     1 |       ||     1
    Use: Potion            |       |     3 |     2 ||     5
   Stab: Paralysed         |       |       |     3 ||     3
 Armour: Scale mail        |    13 |     9 |       ||    22
         Ring mail         |       |    12 |     6 ||    18
  Dodge: Dodged            |     9 |    28 |    16 ||    53
  Block: Buckler           |     4 |    16 |     7 ||    27
